 Dungeon Crawl Stone Soup version 0.20.0-8-g6b59dc7 (webtiles) character file.

363 Ketharn the Cudgeler (level 6, 0/56 HPs)
             Began as a Minotaur Monk on May 31, 2017.
             Was a Believer of Yredelemnul.
             Killed from afar by an electric eel (5 damage)
             ... with a bolt of electricity
             ... on level 4 of the Dungeon.
             The game lasted 00:21:18 (3762 turns).

Ketharn the Cudgeler (Minotaur Monk)                Turns: 3762, Time: 00:21:18

Health: 0/56       AC: 11    Str: 18    XL:     6   Next: 39%
Magic:  5/5        EV:  8    Int:  7    God:    Yredelemnul [**....]
Gold:   166        SH:  5    Dex: 12    Spells: 5/5 levels left

rFire    . . .     SeeInvis .   a - +0 mace
rCold    . . .     Gourm    .   c - +2 buckler
rNeg     . . .     Faith    .   k - +0 chain mail
rPois    .         Spirit   .   (helmet restricted)
rElec    .         Reflect  .   (no cloak)
rCorr    .         Harm     .   (no gloves)
MR       .....                  n - +1 pair of boots
Stlth    ..........             (no amulet)
Regen    0.2/turn               (no ring)
MPRegen  0.1/turn               (no ring)

@: no status effects
A: retaliatory headbutt, horns 2
a: Animate Remains, Recall Undead Slaves, Injury Mirror, Renounce Religion


You were on level 4 of the Dungeon.
You worshipped Yredelemnul.
Yredelemnul was pleased with you.
You were not hungry.

You visited 1 branch of the dungeon, and saw 4 of its levels.

You collected 166 gold pieces.

Inventory:

Hand Weapons
 a - a +0 mace (weapon)
Missiles
 g - 99 stones (quivered)
Armour
 c - a +2 buckler (worn)
 k - a +0 chain mail (worn)
 n - a +1 pair of boots (worn)
Wands
 p - a wand of flame (23/48)
Scrolls
 b - 3 scrolls of magic mapping
 e - 2 scrolls of remove curse
 j - a scroll of identify
Potions
 i - a potion of degeneration {unknown}
 l - a potion of flight {unknown}
Comestibles
 d - a royal jelly
 f - 3 fruits
 m - a meat ration
 o - a bread ration


   Skills:
 * Level 5.1 Fighting
 * Level 5.4 Maces & Flails
 * Level 2.3 Throwing
 * Level 3.9 Armour
 + Level 3.5 Dodging
 - Level 1.5 Stealth
 + Level 0.5 Shields
 + Level 0.6 Invocations


You had 5 spell levels left.
You didn't know any spells.

Dungeon Overview and Level Annotations

Branches:
Dungeon (4/15)
 Temple: D:4-7

Altars:
Yredelemnul

Annotations:
D:4 1 transporter


Innate Abilities, Weirdness & Mutations

You reflexively headbutt those who attack you in melee.
You have a pair of horns on your head.


Message History

The bolt of electricity hits the electric eel.
The electric eel completely resists.
The electric eel shoots out a bolt of lightning at you!
The bolt of electricity hits you!
* * * LOW HITPOINT WARNING * * *
The bolt of electricity hits the electric eel.
The electric eel completely resists.
The bolt of electricity hits the electric eel.
The electric eel completely resists.
The electric eel shoots out a bolt of lightning at you!
The bolt of electricity hits you!
* * * LOW HITPOINT WARNING * * *
The bolt of electricity hits you!
* * * LOW HITPOINT WARNING * * *
The electric eel shoots out a bolt of lightning at you!
The bolt of electricity misses you.
The electric eel shoots out a bolt of lightning at you!
The bolt of electricity hits you!
You die...
Your body rises from the dead as a mindless zombie.

##...####....................
#..#.###..##.......###.......
#..##[##......©.....###.......
#.# #.##.#.#######............
#...#.#..#.#8...8#.....###...<
# #........#P...P#.....# ##..>
##.......###'###.....# ##..
#.....#.#;...;#..#### ##.
.......#.#≈@..;#..# ###..
..........#≈≈≈≈≈#..# #....
.....##..#..#≈≈⌠≈≈#..## #.###
....# ......#≈≈≈P≈#...# #.##.
.... ......#≈P≈≈≈#.#.# #.##.
.....#≈≈≈≈≈#...# #.##.
.....###+###.### #.###
.....#P.$.P#.# #.# #
#.#8.©.8#.# #.#


You could see 3 electric eels.

Vanquished Creatures
  A scorpion (D:3)
  A quasit (D:4)
  2 iguanas (D:4)
  9 adders
  An ooze (D:2)
  2 worms
  2 dart slugs
  2 orcs (D:3)
  A giant cockroach (D:1)
  3 goblins
  6 hobgoblins
  A jackal (D:2)
  A quokka (D:4)
  3 ball pythons
  10 bats
  5 frilled lizards
  4 kobolds (D:2)
  5 rats
59 creatures vanquished.

Vanquished Creatures (collateral kills)
  An ogre (D:4)
  An adder (D:4)
  An ooze (D:3)
  A worm (D:4)
  An orc (D:3)
  A quokka skeleton (D:4)
6 creatures vanquished.

Vanquished Creatures (others)
  A worm zombie (D:4)
  An iguana zombie (D:4)
  An adder zombie (D:3)
  A frilled lizard zombie (D:3)
  An orc zombie (D:3)
  A quokka zombie (D:4)
6 creatures vanquished.

Grand Total: 71 creatures vanquished

Notes
Turn   | Place    | Note
-------+----------+-------------------------------------------
     0 | D:1      | Ketharn the Minotaur Monk began the quest for the Orb.
     0 | D:1      | Reached XP level 1. HP: 19/19 MP: 0/0
   120 | D:1      | Reached XP level 2. HP: 13/27 MP: 1/1
   595 | D:1      | Reached skill level 1 in Armour
  1020 | D:2      | Found a faded altar of an unknown god.
  1034 | D:2      | Reached XP level 3. HP: 33/33 MP: 2/2
  1322 | D:2      | Reached XP level 4. HP: 41/41 MP: 3/3
  1363 | D:2      | Reached skill level 1 in Throwing
  2205 | D:3      | Found a basalt altar of Yredelemnul.
  2213 | D:3      | Became a worshipper of Yredelemnul the Dark
  2213 | D:3      | Reached * piety under Yredelemnul
  2213 | D:3      | Reached ** piety under Yredelemnul
  2662 | D:3      | Reached XP level 5. HP: 47/47 MP: 4/4
  2880 | D:3      | Reached skill level 5 in Fighting
  2880 | D:3      | Reached skill level 5 in Maces & Flails
  3182 | D:4      | Found a transporter.
  3244 | D:4      | Noticed an ogre
  3251 | D:4      | Killed an ogre
  3251 | D:4      | Reached XP level 6. HP: 9/56 MP: 5/5
  3714 | D:4      | Found a transporter.
  3762 | D:4      | Killed from afar by an electric eel

Skill      XL: |  1  2  3  4  5 |
---------------+----------------+-----
Fighting       | 4 5 |  5.1
Armour         | 1 2 3 |  3.9
Maces & Flails | 4 5 |  5.4
Throwing       | 1 2 |  2.3
Dodging        | |  3.5
Stealth        | |  1.5
Shields        | |  0.5
Invocations    | |  0.6

Action                   |  1- 3 |  4- 6 || total
-------------------------+-------+-------++-------
Melee: Mace              |    65 |    91 ||   156
       Headbutt          |     9 |    13 ||    22
Throw: Stone             |    38 |     6 ||    44
Invok: Animate Remains   |       |     7 ||     7
  Use: Scroll            |       |     5 ||     5
       Potion            |       |     1 ||     1
 Stab: Sleeping          |     1 |     1 ||     2
  Eat: Meat ration       |     1 |       ||     1
       Bread ration      |       |     1 ||     1
       Royal jelly       |       |     2 ||     2
Armor: Robe              |    12 |       ||    12
       Ring mail         |    20 |     9 ||    29
       Chain mail        |       |    57 ||    57
Dodge: Dodged            |    62 |    61 ||   123
Block: Buckler           |       |    16 ||    16
